 Dungeon Crawl Stone Soup version 0.31-a0-1576-ga3383bade6 (webtiles) character file.

Game seed: 9429990705951734136

9 Flugslaktarn the Apothecary (level 2, 0/17 HPs)
             Began as an Octopode Alchemist on Jan 4, 2024.
             Slain by a jackal (2 damage)
             ... on level 1 of the Dungeon.
             The game lasted 00:00:17 (154 turns).

Flugslaktarn the Apothecary (Octopode Alchemist)     Turns: 154, Time: 00:00:18

Health: 0/17       AC:  1    Str:  7    XL:     2   Next: 16%
Magic:  0/5        EV: 13    Int: 17    God:
Gold:   0          SH:  0    Dex: 12    Spells: 4/5 levels left

rFire   . . .        d - +0 dagger
rCold   . . .        (no shield)
rNeg    . . .        b - +0 hat
rPois   .            (no amulet)
rElec   .            (no ring)
rCorr   .            (no ring)
SInv    .            (no ring)
Will    .....        (no ring)
Stlth   +++          (no ring)
HPRegen 0.22/turn    (no ring)
MPRegen 0.09/turn    (no ring)
                     (no ring)

%: no passive effects
@: very slightly contaminated
A: almost no armour, amphibious, 8 rings, camouflage 1, gelatinous body 1,
(nimble swimmer 1), tentacles
a: no special abilities


You were on level 1 of the Dungeon.
You visited 1 branch of the dungeon, and saw 1 of its levels.

Inventory:

Hand Weapons
 d - a +0 dagger (weapon)
   (You took it off a goblin on level 1 of the Dungeon)
Armour
 b - a +0 hat (worn)
   (You found it on level 1 of the Dungeon)
Scrolls
 c - a scroll of identify {unknown}
Potions
 a - a potion of magic
 e - a potion of enlightenment {unknown}


   Skills:
 - Level 2.0 Dodging
 - Level 2.6 Stealth
 + Level 2.2 Spellcasting
 - Level 1.0 Conjurations
 * Level 3.7 Alchemy


You had 4 spell levels left.
You knew the following spells:

 Your Spells              Type           Power      Damage    Failure   Level
a - Sting                 Conj/Alch      40%        1d5       7%          1

Your spell library contained the following spells:

 Spells                   Type           Power      Damage    Failure   Level
 Mercury Vapours          Alch/Air       16%        N/A       13%         2
 Mephitic Cloud           Conj/Alch/Air  7%         N/A       30%         3
 Olgreb's Toxic Radiance  Alch           14%        N/A       36%         4
 Sticky Flame             Fire/Alch      8%         2d4       65%         4


Dungeon Overview and Level Annotations

Branches:
Dungeon (1/15)

Altars:


Innate Abilities, Weirdness & Mutations

You cannot wear most types of armour.
You are amphibious.
You can wear up to eight rings at the same time.
Your skin changes colour to match your surroundings (Stealth+).
Your rubbery body absorbs attacks. (AC +1, EV +1)
((You are camouflaged when in or above water. (Stealth+)))
You have tentacles for arms and can constrict up to eight enemies at once.


Message History

The ball python barely misses you. The ball python grabs you.
The ball python constricts you.
You escape the ball python's grasp.
A ball python comes into view.
You see here a smoky pink potion.
e - a smoky pink potion The ball python bites you.
The ball python barely misses you.
The ball python bites you but does no damage.
The ball python grabs you. The ball python constricts you.
You barely miss the ball python. You grab the ball python.
Your squeeze misses the ball python.
The ball python is severely wounded.
You constrict the ball python.
You kill the ball python!
The rat squeaks loudly.
You hear a loud squeak.
Casting: Sting (safe; 8% risk of failure)
Confirm with . or Enter, or press ? or * to list all spells.
Aiming: Sting (safe; 8% risk of failure)
Press: ? - help, Shift-Dir - straight line, f - rat
Aim: a rat (68% to hit)
The sting hits the rat.
The rat is poisoned.
You kill the rat!
The ball python hisses angrily.
The ball python bites you. The ball python closely misses you.
You hit the ball python but do no damage.
Your grab misses the ball python. The ball python closely misses you. x2
The ball python bites you. The ball python misses you.
You see here a rat corpse.
You closely miss the ball python. You grab the ball python.
You constrict the ball python. The ball python barely misses you.
The ball python grabs you. The ball python constricts you.
You hit the ball python. You squeeze the ball python.
You kill the ball python!
You open the door. 3 jackals come into view.
Found 5 stones.
There are monsters nearby!
Unknown command.
A jackal and a rat come into view.
There is an open door here.
Casting: Sting (safe; 8% risk of failure)
Confirm with . or Enter, or press ? or * to list all spells.
Aiming: Sting (safe; 8% risk of failure)
Press: ? - help, Shift-Dir - straight line, f - jackal
Aim: a jackal (asleep, 100% to hit)
The sting hits the jackal but does no damage.
The jackal is poisoned.
The jackal barks! x2; The rat squeaks loudly.
A dart slug comes into view.
Casting: Sting (safe; 8% risk of failure)
Confirm with . or Enter, or press ? or * to list all spells.
You don't have enough magic to cast this spell.
The jackal bites you. The dart slug launches a dart at you.
The slug dart misses you.
You closely miss the jackal. You grab the jackal.
The jackal is severely wounded.
You constrict the jackal, but do no damage.
The jackal completely misses you. x2
You hit the jackal.
You kill the jackal!
You have reached level 2!
You hit the jackal but do no damage. You grab the jackal.
You squeeze the jackal.
You kill the jackal!
The jackal bites you.
You barely miss the jackal. Your grab misses the jackal.
Your squeeze misses the jackal. The jackal closely misses you.
The dart slug briefly extends its eye-stalks.
You hit the jackal. You grab the jackal.
The jackal is moderately wounded.
You constrict the jackal, but do no damage.
The jackal closely misses you.
You hit the dart slug. You grab the dart slug.
The dart slug is moderately wounded.
You constrict the jackal. You constrict the dart slug. The jackal bites you. x2
* * * LOW HITPOINT WARNING * * *
You barely miss the jackal. You squeeze the jackal.
You kill the jackal!
You constrict the dart slug. The dart slug closely misses you.
Casting: Sting (safe; 7% risk of failure)
Confirm with . or Enter, or press ? or * to list all spells.
Aiming: Sting (safe; 7% risk of failure)
Press: ? - help, Shift-Dir - straight line, f - jackal
Aim: a jackal (64% to hit)
You miscast Sting.
You are very lightly contaminated with residual magic.
Nothing appears to happen.
You constrict the dart slug. The jackal bites you.
* * * LOW HITPOINT WARNING * * *
The jackal closely misses you. The dart slug launches a dart at you.
The slug dart misses you.
You hit the jackal but do no damage. You grab the jackal.
You constrict the jackal. You constrict the dart slug. The jackal bites you.
* * * LOW HITPOINT WARNING * * *
You hit the jackal.
You squeeze the jackal, but do no damage.
The jackal is heavily wounded.
You constrict the jackal. You constrict the dart slug. The jackal bites you.
You die...

...........#
...........#
###........# #####
.##........###...#
............##...#
.##.........##...#
.................#
............†..w.#
...#...#......rh@# #
.......#......†####~~~.
...##..........'h..~~r.
.......##......#h..~~~.
...######.#.####h..♣~♣.
.... ...#.# ...# .....
...#.# ..... ##. #.
##.... ..(..


You could see a dart slug, a jackal and a rat.

Vanquished Creatures
  An endoplasm (D:1)
  A goblin (D:1)
  3 jackals (D:1)
  2 ball pythons (D:1)
  A rat (D:1)
8 creatures vanquished.

Notes
Turn   | Place    | Note
-------+----------+-------------------------------------------
     0 | D:1      | Flugslaktarn the Octopode Alchemist began the quest for the
                  | Orb.
     0 | D:1      | Reached XP level 1. HP: 11/11 MP: 3/3
   146 | D:1      | Reached XP level 2. HP: 8/17 MP: 0/5
   154 | D:1      | Slain by a jackal

Illustrated notes

Levels and vault maps discovered:
D:1:      minmay_arrival_pointy, layout_basic, corexii_leaking_fountain,
          hangedman_decor_opposing, serial_bayou_pond_e

Action                     || total
---------------------------++-------
  Melee: Dagger            ||    13
         Unarmed           ||     6
         Constrict         ||     7
         Tentacles         ||     5
   Cast: Sting             ||     5
 Armour: Skin              ||    14
  Dodge: Dodged            ||    19

Table legend: (Time is in decaauts)
 A = Elapsed time spent in this place.
 B = Non-inter-level travel time spent in this place.
 C = Inter-level travel time spent in this place.
 D = Time resting spent in this place.
 E = Time spent auto-exploring this place.
 F = Levels seen in this place.
 G = Mean time per level.
                   A        B        C        D        E       F      G
               +--------+--------+--------+--------+--------+-----+--------+
         Total |    153 |    153 |      0 |      0 |     90 |   1 |  153.0 |
       Dungeon |    153 |    153 |      0 |      0 |     90 |   1 |  153.0 |
               +--------+--------+--------+--------+--------+-----+--------+

Top non-repeatable levels by time:
     D:1: 153 daAuts
